 Dungeon Crawl Stone Soup version 0.26-a0-952-g76694b35de (webtiles) character file.

Game seed: 11431747542225778762

443017 iamoutofideas the Archmage (level 23, -1/132 HPs)
             Began as a Deep Elf Fire Elementalist on Nov 25, 2020.
             Was the Champion of Vehumet.
             Splashed by a caustic shrike (shapeshifter)'s acid (10 damage)
             ... on level 3 of the Depths on Nov 30, 2020.
             The game lasted 03:09:07 (73555 turns).

iamoutofideas the Archmage (DEFE)                  Turns: 73555, Time: 03:09:08

Health: -1/132     AC: 11    Str:  5    XL:     23   Next: 5%
Magic:  46/65      EV: 26    Int: 35    God:    Vehumet [******]
Gold:   5203       SH:  7    Dex: 17    Spells: 6/76 levels left

rFire    + + .     SeeInvis +   M - +8 whip "Snakebite" {curare, rPois}
rCold    + . .     Faith    .   D - +2 buckler
rNeg     . . .     Spirit   .   u - +3 robe of Yesterday {rPois MR+++}
rPois    +         Reflect  .   y - +2 helmet
rElec    +         Harm     .   A - scarf {rC+ rF+}
rCorr    .         Rampage  .   R - +2 pair of gloves {archery}
MR       +++++                  Z - +2 pair of boots
Stlth    ++........             G - amulet "Keutit" {RegenMP *Drain rElec MP+9 Slay+3}
HPRegen  0.32/turn              Q - ring of Gilila {rElec Int+4 SInv Stlth-}
MPRegen  0.64/turn              J - ring of protection from fire

@: corroded, very slightly contaminated
A: agile 1
}: 2/15 runes: decaying, gossamer
a: Renounce Religion


You were on level 3 of the Depths.
You worshipped Vehumet.
Vehumet was exalted by your worship.
You visited 9 branches of the dungeon, and saw 42 of its levels.
You also visited: Gauntlet.

You collected 6981 gold pieces.
You spent 1778 gold pieces at shops.

Inventory:

Hand Weapons
 M - the +8 whip "Snakebite" (weapon) {curare, rPois}
   (You found it on level 3 of the Elven Halls)

   It poisons the flesh of those it strikes.
   It protects you from poison.
Armour
 a - a +1 pair of gloves of dexterity
 n - a +2 cloak
 u - the +3 robe of Yesterday (worn) {rPois MR+++}
   (You took it off a spriggan air mage on level 2 of the Depths)

   It protects you from poison.
   It affects your resistance to hostile enchantments.
 w - a +2 robe of resistance
 y - a +2 helmet (worn)
 A - a scarf of resistance (worn)
 D - a +2 buckler (worn)
 E - the +2 ring mail of Gatumnek {rElec rC+ rN+ Int+2}
   (You found it on level 6 of the Lair of Beasts)

   It affects your intelligence (+2).
   It protects you from cold.
   It insulates you from electricity.
   It protects you from negative energy.
 R - a +2 pair of gloves of archery (worn)
 Z - a +2 pair of boots (worn)
Jewellery
 d - an uncursed ring of protection from magic
 j - an uncursed ring of protection from cold
 G - the amulet "Keutit" (around neck) {RegenMP *Drain rElec MP+9 Slay+3}
   (You acquired it on level 3 of the Lair of Beasts)

   [amulet of magic regeneration]

   It increases your magic regeneration.
   It affects your accuracy and damage with ranged weapons and melee attacks
   (+3).
   It insulates you from electricity.
   It affects your magic capacity (+9).
   It causes draining when unequipped.
 J - a ring of protection from fire (right hand)
 L - an uncursed ring of wizardry
 O - the amulet "Fyluj" {Acrobat rElec rN+ MR- SInv}
   (You took it off a deep elf mage on level 3 of the Elven Halls)

   [amulet of the acrobat]

   It helps you evade while moving and waiting.
   It insulates you from electricity.
   It protects you from negative energy.
   It affects your resistance to hostile enchantments.
   It lets you see invisible.
 P - an uncursed ring of resist corrosion
 Q - the ring of Gilila (left hand) {rElec Int+4 SInv Stlth-}
   (You found it in a Gauntlet)

   [ring of attention]

   It affects your intelligence (+4).
   It insulates you from electricity.
   It lets you see invisible.
   It makes you less stealthy.
 U - the amulet of Daisies {Acrobat MP+9 Int+6 Dex-5 SInv}
   (You took it off a deep elf demonologist on level 3 of the Elven Halls)

   [amulet of the acrobat]

   It helps you evade while moving and waiting.
   It affects your intelligence (+6).
   It affects your dexterity (-5).
   It affects your magic capacity (+9).
   It lets you see invisible.
Wands
 k - a wand of enslavement (12)
 q - a wand of digging (5)
 B - a wand of disintegration (33)
 F - a wand of iceblast (14)
 W - a wand of paralysis (39)
Scrolls
 b - 20 scrolls of teleportation
 c - 13 scrolls of amnesia
 e - 3 scrolls of fear
 f - 21 scrolls of remove curse
 o - a scroll of holy word
 t - a scroll of silence
 H - 8 scrolls of magic mapping
 I - 7 scrolls of identify
 X - 10 scrolls of immolation
 Y - a scroll of fog
Potions
 g - 7 potions of mutation
 h - a potion of invisibility
 i - 3 potions of flight
 l - 7 potions of brilliance
 m - 4 potions of might
 p - 2 potions of resistance
 r - a potion of haste
 z - a potion of cancellation
 C - 10 potions of lignification
 K - 8 potions of curing
 N - 3 potions of ambrosia
Miscellaneous
 T - a phial of floods
 V - a condenser vane


   Skills:
 - Level 10.3 Fighting
 - Level 1.1(1.2) Short Blades
 - Level 0.7(1.0) Long Blades
 - Level 7.8 Armour
 * Level 17.6 Dodging
 + Level 5.3 Stealth
 - Level 4.0 Shields
 - Level 0.1 Unarmed Combat
 O Level 27 Spellcasting
 + Level 15.4 Conjurations
 + Level 2.1 Summonings
 - Level 4.0 Translocations
 - Level 9.4 Transmutations
 + Level 21.0 Fire Magic
 + Level 1.5 Ice Magic
 + Level 0.5 Air Magic
 - Level 10.9 Earth Magic
 + Level 1.0 Poison Magic
 + Level 0.3 Evocations


You had 6 spell levels left.
You knew the following spells:

 Your Spells              Type           Power        Failure   Level
a - Foxfire               Conj/Fire      ####         0%          1
b - Conjure Flame         Conj/Fire      ########     0%          3
c - Fireball              Conj/Fire      ########..   0%          5
d - Freeze                Ice            ####         1%          1
e - Mephitic Cloud        Conj/Pois/Air  ######..     1%          3
f - Blink                 Tloc           N/A          1%          2
g - Spellforged Servitor  Conj/Summ      #######...   2%          7
h - Hailstorm             Conj/Ice       #######.     1%          4
i - Lee's Rapid Deconstr  Erth           #######...   1%          5
j - Bolt of Magma         Conj/Fire/Erth ########..   0%          5
k - Ignition              Fire           ########..   1%          8
l - Statue Form           Tmut/Erth      #######..    1%          6
m - Frozen Ramparts       Ice            ######       1%          3
n - Lehudib's Crystal Sp  Conj/Erth      #######...   3%          8
o - Fire Storm            Conj/Fire      ########..   7%          9

Your spell library contained the following spells:

 Spells                   Type           Power        Failure   Level
 Absolute Zero            Ice            ######....   100%        9
 Beastly Appendage        Tmut           ######       0%          1
 Magic Dart               Conj           ####         0%          1
 Sandblast                Erth           ######       0%          1
 Passwall                 Tmut/Erth      #######.     0%          2
 Wereblood                Tmut           #######.     0%          2
 Ignite Poison            Fire/Tmut/Pois #######.     0%          3
 Inner Flame              Hex/Fire       #######.     0%          3
 Sticky Flame             Conj/Fire      ########     0%          4
 Corona                   Hex            #####..      1%          1
 Sting                    Tmut/Pois      ####         1%          1
 Call Imp                 Summ           ######..     1%          2
 Ensorcelled Hibernation  Hex/Ice        ######       1%          2
 Slow                     Hex            #####...     1%          2
 Sublimation of Blood     Necr           #####.....   1%          2
 Confusing Touch          Hex            #####...     1%          3
 Dazzling Flash           Conj/Hex       ######       1%          3
 Gell's Gravitas          Tloc           ######....   1%          3
 Lesser Beckoning         Tloc           ######....   1%          3
 Portal Projectile        Hex/Tloc       ######       1%          3
 Static Discharge         Conj/Air       #######.     1%          3
 Teleport Other           Tloc           ######..     1%          3
 Tukima's Dance           Hex            #####...     1%          3
 Fulminant Prism          Conj/Hex       #######...   1%          4
 Ice Form                 Ice/Tmut       ######..     1%          4
 Iskenderun's Mystic Bla  Conj/Tloc      #######.     1%          4
 Leda's Liquefaction      Hex/Erth       ######....   1%          4
 Passage of Golubria      Tloc           N/A          1%          4
 Petrify                  Tmut/Erth      #######.     1%          4
 Alistair's Intoxication  Tmut/Pois      ######...    1%          5
 Irradiate                Conj/Tmut      #######...   1%          5
 Lightning Bolt           Conj/Air       #######...   1%          5
 Yara's Violent Unravell  Hex/Tmut       ######....   1%          5
 Conjure Ball Lightning   Conj/Air       #######...   1%          6
 Freezing Cloud           Conj/Ice/Air   ######....   1%          6
 Starburst                Conj/Fire      ########..   1%          6
 Cause Fear               Hex            #####.....   4%          4
 Summon Mana Viper        Hex/Summ       ######..     8%          5
 Eringya's Noxious Bog    Tmut/Pois      ######....   8%          6
 Metabolic Englaciation   Hex/Ice        ######....   9%          5
 Ozocubu's Refrigeration  Ice            ######....   10%         6
 Silence                  Hex/Air        #####.....   11%         5
 Dispersal                Tloc           ######....   13%         6
 Simulacrum               Ice/Necr       ######....   43%         6
 Shatter                  Erth           #######...   73%         9
 Discord                  Hex            #####.....   100%        8
 Tornado                  Air            ######....   100%        9


Dungeon Overview and Level Annotations

Branches:
Dungeon (15/15)            Temple (1/1) D:5            Lair (6/6) D:8
  Swamp (4/4) Lair:3       Spider (4/4) Lair:4        Slime (0/5) Lair:6
    Orc (2/2) D:9             Elf (3/3) Orc:2        Vaults (4/5) D:14
  Crypt (0/3) Vaults:2     Depths (3/5) D:15        Gauntlet (visited)

Altars:
Ashenzari
Cheibriados
Dithmenos
Elyvilon
Fedhas
Gozag
Hepliaklqana
Kikubaaqudgha
Makhleb
Nemelex Xobeh
Okawaru
Qazlal
Ru
Sif Muna
Trog
Uskayaw
Vehumet
Wu Jian
Xom
Yredelemnul
Zin
The Shining One
Beogh
Jiyva

Shops:
D:13 :   D:14 =   Orc:2 :(:?   Vaults:3 *   Depths:2 [}[=

Portals:
Hell: Depths:1 Depths:2
Pandemonium: Depths:2
Ziggurat: Depths:1

Annotations:
D:3 1 runed translucent door
D:7 exclusion: downstairs
D:9 exclusion: downstairs
D:12 exclusion: downstairs
Lair:5 exclusion: downstairs
Swamp:3 exclusion: downstairs
Elf:2 exclusions: door and 1 more exclusion


Innate Abilities, Weirdness & Mutations

You are agile. (Dex +2)


Message History

Okay, then.
Okay, then.
Casting: Lehudib's Crystal Spear (dangerous; 3% risk of failure)
Confirm with . or Enter, or press ? or * to list all spells.
Okay, then.
Casting: Lehudib's Crystal Spear (dangerous; 3% risk of failure)
Confirm with . or Enter, or press ? or * to list all spells.
Okay, then.
Casting: Lehudib's Crystal Spear (dangerous; 3% risk of failure)
Confirm with . or Enter, or press ? or * to list all spells.
You blink.
Casting: Blink (safe; 1% risk of failure)
Confirm with . or Enter, or press ? or * to list all spells.
You blink.
Casting: Blink (safe; 1% risk of failure)
Confirm with . or Enter, or press ? or * to list all spells.
You blink.
The caustic shrike claws you!
* * * LOW HITPOINT WARNING * * *
The acid corrodes you!
You are splashed with acid!
You die...

... .... ...
≈....
........
#+#.#...#
#.......
#.#.#.#.#
#...'.[.#
#####..@#####
#....).(b..§#
#.≈..)#)..≈)#
#..().......#
##'##)).#####
#.(.#.<.#
.'.(.#...#
.#v.†#...#
#...#########


You could see a caustic shrike.

Vanquished Creatures
  A caustic shrike (Depths:2)
  2 golden dragons
  A tentacled monstrosity (Depths:2)
  The ghost of marklar909 the Grappler, an adept TrWr of Elyvilon (Spider:4)
  A lich (Depths:2)
  Asterion (Spider:2)
  2 deep elf blademasters (Elf:3)
  3 deep elf master archers
  2 sphinxes
  Kirke (D:14)
  2 tengu reavers (Depths:2)
  Donald (Spider:3)
  4 storm dragons
  Agnes (D:15)
  6 fire giants
  10 frost giants
  7 vault wardens
  An orc warlord (Vaults:4)
  2 emperor scorpions
  2 deep elf sorcerers (Elf:3)
  4 ghost moths
  3 deep elf elementalists (Elf:3)
  7 very ugly things
  A reaper (Depths:2)
  15 stone giants
  7 entropy weavers
  A spriggan defender (Depths:2)
  5 ironheart preservers
  2 entropy weavers (shapeshifter) (Gauntlet)
  A war gargoyle (Depths:3)
  2 vampire knights (Depths:1)
  5 deep elf demonologists
  8 deep elf annihilators
  A bunyip (Swamp:2)
  Azrael (D:14)
  11 ettins
  A minotaur (Gauntlet)
  Snorg (Lair:3)
  4 fire dragons
  An eleionoma (Swamp:2)
  A deep elf high priest (Elf:3)
  7 deep elf death magi (Elf:3)
  A crystal guardian (Vaults:3)
  2 great orbs of eyes
  5 ice dragons
  10 vault guards
  3 shambling mangroves (Swamp:4)
  3 rakshasas
  11 yaktaur captains
  21 hydras
  Harold (Lair:1)
  Erica (Orc:2)
  An alligator snapping turtle (shapeshifter) (Depths:3)
  2 two-headed ogres (shapeshifter)
  5 boulder beetles
  2 death knights
  9 centaur warriors
  3 spriggan air magi (Depths:2)
  6 deep troll earth magi
  7 tengu warriors
  35 two-headed ogres
  A queen ant (Lair:6)
  9 deep troll shamans
  13 dancing weapons
  8 alligators
  4 catoblepae
  8 death scarabs (Spider:4)
  9 ogre magi
  A shock serpent (Depths:3)
  A spriggan berserker (Depths:2)
  Sonja (Lair:6)
  2 vampire magi
  A soul eater (Gauntlet)
  4 orc high priests
  22 deep elf knights
  A nameless horror (Depths:1)
  2 small abominations (Elf:3)
  A storm dragon skeleton (Vaults:4)
  A spectral emperor scorpion (Spider:4)
  3 goliath frogs
  An iron troll (Depths:2)
  A shadow wraith (Vaults:3)
  14 deep trolls
  10 swamp dragons
  6 wizards
  4 skeletal warriors (Vaults:2)
  An infernal demonspawn (Depths:2)
  3 unseen horrors
  5 spriggan druids
  4 bog bodies
  A glowing orange brain (Vaults:2)
  A deep troll (shapeshifter) (Depths:3)
  25 deep elf archers
  A phantasmal warrior (Vaults:3)
  3 flayed ghosts
  8 ironbrand convokers
  4 spectral wolf spiders (Spider:4)
  A wolf spider zombie (Spider:4)
  A shadow dragon zombie (Vaults:4)
  A harpy (D:14)
  Pikel (D:8)
  24 orc knights
  3 necromancers
  5 will-o-the-wisps
  15 orb spiders
  5 manticores
  70 deep elf magi
  3 moths of wrath
  41 ugly things
  8 orc sorcerers
  19 wolf spiders
  A human zombie (Vaults:4)
  10 cyclopes
  2 black mambas
  5 elephants
  Joseph (D:8)
  An eye of devastation (shapeshifter) (Depths:2)
  A guardian serpent (shapeshifter) (Vaults:3)
  Maggie (D:8)
  A cane toad (shapeshifter) (Vaults:1)
  A torpor snail (Lair:6)
  A water nymph (shapeshifter) (D:15)
  27 cane toads
  A gargoyle (Gauntlet)
  A torpor snail (shapeshifter) (Depths:1)
  A rust devil (Depths:2)
  8 vault sentinels
  A minotaur zombie (Gauntlet)
  17 demonic crawlers
  2 kobold demonologists (D:14)
  2 spectral redbacks (Spider:4)
  4 rime drakes
  A komodo dragon (shapeshifter) (Depths:2)
  2 efreet
  5 komodo dragons
  A redback zombie (Spider:4)
  4 freezing wraiths
  An ice devil (Depths:2)
  A yaktaur skeleton (Vaults:4)
  38 yaktaurs
  A tengu conjurer (D:10)
  A polar bear (shapeshifter) (Vaults:2)
  10 trolls
  23 hornets
  3 meliai (D:15)
  2 red devils (Depths:2)
  A wind drake (shapeshifter) (Vaults:2)
  A meliai (shapeshifter) (Elf:1)
  14 tyrant leeches
  33 jumping spiders
  2 spectral jumping spiders (Spider:4)
  4 spectral tarantellas (Spider:4)
  6 polar bears (Lair:3)
  30 slime creatures
  11 blink frogs
  A jumping spider zombie (Spider:4)
  A blink frog (shapeshifter) (Vaults:1)
  A snapping turtle (shapeshifter) (Vaults:4)
  6 dream sheep (Lair:6)
  A tarantella zombie (Spider:4)
  A raiju (shapeshifter) (Vaults:1)
  A meliai zombie (D:15)
  An air elemental (Elf:1)
  A fire giant simulacrum (Vaults:1)
  10 spriggans
  Sigmund (D:6)
  42 redbacks
  58 yaks
  3 water elementals
  A tarantella (shapeshifter) (Vaults:2)
  4 fire elementals
  35 tarantellas
  A shadow (D:14)
  A vampire (D:15)
  7 wyverns
  4 hogs (D:15)
  4 wraiths
  2 steam dragons
  7 basilisks
  13 vampire mosquitoes
  2 wargs
  Menkaure (D:7)
  23 soldier ants
  5 acid dragons
  9 water moccasins
  14 swamp worms
  2 spectral hornets (Spider:4)
  Duvessa (D:7)
  4 hell hounds
  A black bear (shapeshifter) (Gauntlet)
  A hornet zombie (Spider:4)
  46 orc warriors
  3 eyes of draining
  14 ice beasts
  A sky beast (D:13)
  An elf zombie (Vaults:4)
  3 black bears
  7 swamp drakes
  9 boggarts
  2 phantoms
  22 ogres
  9 wolves
  16 centaurs
  An elf skeleton (Vaults:4)
  4 lemures (D:8)
  A big kobold (D:12)
  30 bullfrogs
  Dowan (D:7)
  An earth elemental (Elf:2)
  3 jellies
  8 scorpions
  19 killer bees
  11 wights
  2 electric eels
  2 howler monkeys
  A crimson imp (Depths:2)
  4 centaur zombies
  3 quasits
  A human simulacrum (Vaults:1)
  An iron imp (Depths:2)
  8 hounds
  35 orc priests
  Crazy Yiuf (D:5)
  6 bullfrog skeletons
  3 bullfrog zombies
  5 centaur skeletons
  A gnoll shaman (Orc:2)
  6 iguanas
  38 orc wizards
  2 hell rats
  37 worker ants
  A hound zombie (D:5)
  A hound skeleton (D:9)
  A worker ant zombie (D:10)
  8 gnolls
  21 adders
  10 river rats (Lair:4)
  9 shadow imps
  5 white imps
  5 ufetubi
  3 oozes
  An adder zombie (D:6)
  2 adder skeletons (D:4)
  3 worms
  3 leopard geckos
  129 orcs
  4 ball pythons
  10 bats
  11 giant cockroaches
  10 goblins
  12 hobgoblins
  8 jackals
  11 kobolds
  5 quokkas
  5 frilled lizards
  A leopard gecko skeleton (D:5)
  7 rats
  3 bushes
  4 crawling corpses (Elf:3)
  A foxfire (Orc:2)
  A toadstool (D:3)
1866 creatures vanquished.

Vanquished Creatures (collateral kills)
  Mara (Elf:3)
  Arachne (Spider:1)
  The ghost of Beorghan the Bludgeoner, an adept MiBe of Trog (Spider:2)
  A deep elf blademaster (Depths:3)
  A sphinx (Depths:2)
  2 frost giants
  A vault warden (Vaults:1)
  5 emperor scorpions
  An ironheart preserver (Vaults:1)
  2 very ugly things
  2 stone giants (Depths:1)
  The ghost of rgaf the Martial Artist, a journeyman MfTm of Makhleb (Lair:4)
  2 spark wasps
  A deep elf annihilator (Depths:3)
  4 fire dragons
  A deep elf high priest (Elf:3)
  An ice dragon (Depths:2)
  A ghost crab (Swamp:1)
  A centaur warrior (Vaults:2)
  4 dancing weapons
  A titan zombie (Vaults:4)
  A hell knight (Depths:3)
  3 skeletal warriors (Vaults:2)
  A spriggan druid (Swamp:4)
  A swamp dragon (Swamp:4)
  A bog body (Swamp:2)
  2 deep trolls (Vaults:1)
  An orc knight (Vaults:2)
  A deep elf archer (Elf:3)
  A spectral wolf spider (Spider:4)
  A deep elf mage (Vaults:4)
  An ugly thing (Vaults:2)
  3 wolf spiders
  A will-o-the-wisp (Swamp:3)
  A moth of wrath (Spider:4)
  2 vault sentinels
  2 yaktaurs
  4 demonic crawlers
  2 jumping spiders (Spider:4)
  2 hornets (Swamp:2)
  2 spectral tarantellas (Spider:4)
  A tyrant leech (Swamp:3)
  11 redbacks
  A spriggan (Swamp:2)
  3 swamp worms (Swamp:2)
  A spectral hornet (Spider:4)
  An orc warrior (Vaults:2)
  A boggart (Depths:1)
  An orc (Vaults:2)
  4 foxfires
92 creatures vanquished.

Vanquished Creatures (others)
  2 ghost moths
  A bog body (Swamp:1)
  A tengu conjurer (Depths:1)
  A bloated husk (Swamp:1)
  A shadow (D:14)
  A fire elemental (D:14)
  A leopard gecko (D:7)
  6 fire vortices
  1701 foxfires
  66 fungi
  159 plants
  4 toadstools (D:3)
1944 creatures vanquished.

Grand Total: 3902 creatures vanquished

Notes
Turn   | Place    | Note
-------+----------+-------------------------------------------
     0 | D:1      | iamoutofideas the Deep Elf Fire Elementalist began the
                  | quest for the Orb.
     0 | D:1      | Reached XP level 1. HP: 10/10 MP: 6/6
   416 | D:1      | Reached XP level 2. HP: 15/15 MP: 2/8
  1484 | D:1      | Reached XP level 3. HP: 14/19 MP: 7/10
  2355 | D:2      | Reached XP level 4. HP: 11/24 MP: 4/11
  2690 | D:2      | Noticed an earth elemental
  2691 | D:2      | Found a stormy altar of Qazlal.
  2694 | D:2      | Noticed a fire elemental
  2694 | D:2      | Noticed a water elemental
  2694 | D:2      | Noticed an air elemental
  3057 | D:2      | Found a bloodstained altar of Trog.
  3331 | D:2      | Found a hazy altar of Hepliaklqana.
  3652 | D:3      | Found a white marble altar of Elyvilon.
  3652 | D:3      | Found a runed translucent door.
  3652 | D:3      | Noticed an angel
  3662 | D:3      | Reached skill level 4 in Spellcasting
  4640 | D:3      | Learned a level 3 spell: Conjure Flame
  4656 | D:3      | Reached XP level 5. HP: 26/28 MP: 13/13
  4871 | D:3      | Reached skill level 1 in Short Blades
  5161 | D:3      | Found an ancient bone altar of Kikubaaqudgha.
  5265 | D:4      | Reached skill level 5 in Fire Magic
  5311 | D:4      | HP: 1/28 [poisoned by a worker ant]
  5313 | D:4      | Reached skill level 5 in Spellcasting
  5380 | D:4      | Reached XP level 6. HP: 15/32 MP: 15/15
  5557 | D:4      | Learned a level 5 spell: Fireball
  5760 | D:4      | Reached skill level 6 in Spellcasting
  5929 | D:4      | Reached XP level 7. HP: 37/37 MP: 18/18
  6609 | D:5      | Entered Level 5 of the Dungeon
  6661 | D:5      | Reached skill level 7 in Spellcasting
  7328 | D:5      | Reached skill level 8 in Spellcasting
  7537 | D:5      | Found a runed translucent door.
  7538 | D:5      | Noticed Crazy Yiuf
  7636 | D:5      | Found a staircase to the Ecumenical Temple.
  7699 | Temple   | Entered the Ecumenical Temple
  7919 | Temple   | Became a worshipper of Vehumet
  8137 | D:5      | Killed Crazy Yiuf
  8138 | D:5      | Reached XP level 8. HP: 36/42 MP: 7/22
  8324 | D:6      | Found an iron altar of Okawaru.
  8424 | D:6      | Found a sparkling altar of Nemelex Xobeh.
  8425 | D:6      | Found a shadowy altar of Dithmenos.
  8656 | D:6      | Noticed Sigmund
  8666 | D:6      | Killed Sigmund
  8760 | D:6      | Reached skill level 9 in Spellcasting
  8928 | D:6      | Found an opulent altar of Gozag.
  9973 | D:7      | Found the +7 sceptre of Torment {pain, torment}
 10092 | D:7      | Reached skill level 5 in Conjurations
 10407 | D:7      | Noticed Menkaure
 10408 | D:7      | Reached XP level 9. HP: 46/46 MP: 24/24
 10412 | D:7      | Killed Menkaure
 10487 | D:7      | Found a white marble altar of Elyvilon.
 10518 | D:7      | Reached skill level 10 in Spellcasting
 10678 | D:7      | Noticed Dowan
 10681 | D:7      | Noticed Duvessa
 10691 | D:7      | Killed Duvessa
 10694 | D:7      | Killed Dowan
 10694 | D:7      | Reached * piety under Vehumet
 10694 | D:7      | Offered knowledge of Freeze by Vehumet.
 11191 | D:8      | Noticed Maggie
 11199 | D:8      | Killed Maggie
 11208 | D:8      | Reached skill level 11 in Spellcasting
 11213 | D:8      | Reached skill level 5 in Dodging
 11249 | D:7      | HP: 2/46 [poisoned by a killer bee]
 11567 | D:8      | Reached skill level 1 in Fighting
 11579 | D:8      | Noticed an elephant
 11833 | D:6      | Learned a level 1 spell: Freeze
 11858 | D:7      | Killed an elephant
 12086 | D:8      | Reached skill level 12 in Spellcasting
 12086 | D:8      | Reached XP level 10. HP: 51/52 MP: 23/28
 12528 | D:8      | Found a shimmering blue altar of Sif Muna.
 12576 | D:8      | Found a burning altar of Makhleb.
 12608 | D:8      | Found a glowing silver altar of Zin.
 12609 | D:8      | Noticed a green death
 12609 | D:8      | Noticed an angel
 12635 | D:8      | Noticed Joseph
 12640 | D:8      | Killed Joseph
 12893 | D:8      | Noticed Pikel
 12897 | D:8      | Killed Pikel
 13343 | D:8      | Found a staircase to the Lair.
 13527 | D:9      | Found a sacrificial altar of Ru.
 13531 | D:9      | Found a staircase to the Orcish Mines.
 13834 | D:9      | Found a basalt altar of Yredelemnul.
 13856 | D:9      | Reached ** piety under Vehumet
 13856 | D:9      | Offered knowledge of Sandblast by Vehumet.
 14306 | D:10     | Entered Level 10 of the Dungeon
 14313 | D:10     | Noticed a centaur warrior
 14318 | D:10     | Killed a centaur warrior
 14612 | D:9      | Reached XP level 11. HP: 68/68 MP: 29/29
 14617 | D:9      | Identified a scroll of acquirement
 14617 | D:9      | Acquired 1126 gold pieces
 15217 | D:10     | Noticed a two-headed ogre
 15220 | D:10     | Killed a two-headed ogre
 15221 | D:10     | Reached skill level 13 in Spellcasting
 15383 | D:10     | Noticed a catoblepas
 15391 | D:10     | Killed a catoblepas
 15392 | D:10     | Reached skill level 10 in Fire Magic
 15764 | D:10     | Killed an unseen horror
 15801 | D:10     | Offered knowledge of Searing Ray by Vehumet.
 15858 | D:10     | Identified the +2 falchion of Ihua {vorpal, rPois}
 15858 | D:10     | Noticed a wizard
 15864 | D:10     | Killed a wizard
 15865 | D:10     | Reached XP level 12. HP: 10/73 MP: 18/31
 16251 | D:10     | Reached *** piety under Vehumet
 16708 | D:10     | Learned a level 3 spell: Mephitic Cloud
 16991 | D:10     | Learned a level 2 spell: Blink
 17405 | D:10     | Offered knowledge of Iskenderun's Mystic Blast by Vehumet.
 17745 | D:11     | Noticed a two-headed ogre
 17750 | D:11     | Killed a two-headed ogre
 17905 | D:11     | Noticed a two-headed ogre
 18483 | D:11     | Killed a two-headed ogre
 18807 | D:11     | Reached **** piety under Vehumet
 19134 | D:11     | Offered knowledge of Ignite Poison by Vehumet.
 19141 | D:11     | Learned a level 3 spell: Ignite Poison
 19431 | D:11     | Reached skill level 1 in Translocations
 19529 | D:11     | Found a stormy altar of Qazlal.
 20500 | D:12     | Noticed a two-headed ogre
 20518 | D:12     | Killed a two-headed ogre
 20519 | D:12     | Reached skill level 14 in Spellcasting
 20888 | Lair:1   | Entered Level 1 of the Lair of Beasts
 20895 | Lair:1   | Noticed Harold
 20905 | D:8      | Reached XP level 13. HP: 70/80 MP: 3/33
 21167 | Lair:1   | Killed Harold
 22055 | Lair:1   | Reached ***** piety under Vehumet
 22055 | Lair:1   | Offered knowledge of Hailstorm by Vehumet.
 23933 | Lair:3   | Reached skill level 1 in Armour
 24651 | Lair:3   | Noticed Snorg
 24652 | Lair:3   | Learned a level 4 spell: Hailstorm
 24663 | Lair:3   | Killed Snorg
 25027 | Lair:3   | Reached skill level 10 in Dodging
 25469 | Lair:3   | Found a staircase to the Swamp.
 25528 | Lair:4   | Reached skill level 15 in Spellcasting
 25528 | Lair:4   | Reached skill level 10 in Conjurations
 25818 | Lair:4   | Offered knowledge of Lee's Rapid Deconstruction by Vehumet.
 26091 | Lair:3   | Acquired the amulet "Keutit" {RegenMP *Drain rElec MP+9
                  | Slay+3}
 26130 | Lair:3   | Learned a level 5 spell: Lee's Rapid Deconstruction
 26769 | Lair:4   | Found a runed translucent door.
 26769 | Lair:4   | Found a shimmering altar of Xom.
 26769 | Lair:4   | Noticed rgaf's ghost (journeyman MfTm)
 27128 | Lair:4   | Found a hole to the Spider Nest.
 27218 | Lair:5   | Reached XP level 14. HP: 87/87 MP: 35/35
 27641 | Lair:5   | Acquired a +2 pair of gloves of archery
 27676 | Lair:5   | Reached skill level 5 in Stealth
 28125 | Lair:6   | Entered Level 6 of the Lair of Beasts
 28614 | Lair:6   | Noticed Sonja
 28646 | Lair:6   | Killed Sonja
 28811 | Lair:6   | Noticed an entropy weaver
 28817 | Lair:6   | Killed an entropy weaver
 29040 | Lair:6   | Noticed an entropy weaver
 29045 | Lair:6   | Killed an entropy weaver
 29046 | Lair:6   | Reached skill level 10 in Fighting
 29303 | Lair:6   | Offered knowledge of Bolt of Magma by Vehumet.
 29312 | Lair:6   | Learned a level 5 spell: Bolt of Magma
 29431 | Lair:6   | Reached skill level 16 in Spellcasting
 30090 | Lair:6   | Found a staircase to the Slime Pits.
 30091 | Lair:6   | Found a viscous altar of Jiyva.
 30295 | Lair:6   | Identified the +2 ring mail of Gatumnek {rElec rC+ rN+
                  | Int+2} (You found it on level 6 of the Lair of Beasts)
 30784 | Lair:6   | Got a clouded graven amulet
 31122 | Orc:1    | Entered Level 1 of the Orcish Mines
 31127 | Orc:1    | Reached XP level 15. HP: 71/92 MP: 37/37
 31145 | Orc:1    | Offered knowledge of Conjure Ball Lightning by Vehumet.
 31413 | Orc:2    | Entered Level 2 of the Orcish Mines
 31765 | Orc:2    | Found a staircase to the Elven Halls.
 32080 | Orc:2    | Found a roughly hewn altar of Beogh.
 32424 | Orc:2    | Found Ojonyet's Magic Scroll Emporium.
 32889 | Orc:2    | Found Jaugya's Book Emporium.
 32890 | Orc:2    | Found Jissacie's Antique Weapon Shop.
 32890 | Orc:2    | Found Qusaseac's Book Shop.
 32915 | Orc:2    | Bought a scroll of teleportation for 42 gold pieces
 32915 | Orc:2    | Bought a scroll of identify for 28 gold pieces
 32915 | Orc:2    | Identified the amulet of Quecriem {Reflect *Corrode rElec
                  | Int+5 SH+5} (You found it on level 6 of the Lair of Beasts)
 32926 | Orc:2    | Bought a book of the Tempests for 770 gold pieces
 32926 | Orc:2    | Bought the Compendium of the Icy Mountains for 724 gold
                  | pieces
 32935 | Orc:2    | Learned a level 8 spell: Ignition
 32942 | Orc:2    | Learned a level 6 spell: Statue Form
 33087 | Orc:1    | Offered knowledge of Starburst by Vehumet.
 33095 | Orc:1    | Noticed Erica
 33278 | Orc:2    | Killed Erica
 33963 | D:12     | Reached skill level 17 in Spellcasting
 34279 | D:13     | Found Qurchygh's Book Shop.
 35612 | D:13     | Upgraded the game from 0.26-a0-863-g3bff4b215c to
                  | 0.26-a0-952-g76694b35de
 36024 | D:14     | Found a gate leading to a gauntlet.
 36024 | D:14     | Found a shadowy altar of Dithmenos.
 36036 | Gauntlet | Entered a Gauntlet
 36036 | Gauntlet | Found a transporter.
 36036 | Gauntlet | Found a transporter.
 36044 | Gauntlet | Found a transporter.
 36044 | Gauntlet | Found a transporter.
 36047 | Gauntlet | Found a transporter.
 36047 | Gauntlet | Found a transporter.
 36057 | Gauntlet | Found a transporter.
 36058 | Gauntlet | Found the macabre finger necklace {rN+}
 36061 | Gauntlet | Found a transporter.
 36075 | Gauntlet | Found a transporter.
 36171 | Gauntlet | Found a transporter.
 36175 | Gauntlet | Found a transporter.
 36187 | Gauntlet | Found a transporter.
 36690 | Gauntlet | Reached skill level 18 in Spellcasting
 36761 | Gauntlet | Identified the Disquisition on Beguiling and Orientation
 36770 | Gauntlet | Got a crude pewter ring
 36772 | Gauntlet | Identified the ring of Gilila {rElec Int+4 SInv Stlth-}
                  | (You found it in a Gauntlet)
 37005 | Gauntlet | Identified the +11 morningstar "Xucwotik" {chaos, rElec MR+
                  | Str-4}
 37006 | Gauntlet | Found the +7 Spriggan's Knife {stab, EV+4 Stlth+}
 37065 | Gauntlet | Offered knowledge of Yara's Violent Unravelling by Vehumet.
 37852 | D:14     | Found Tyxkemo's Jewellery Shop.
 37920 | D:14     | Reached XP level 16. HP: 81/98 MP: 15/40
 38347 | D:14     | Reached skill level 15 in Fire Magic
 38635 | D:14     | Noticed Azrael
 38661 | D:14     | Found a gate to the Vaults.
 38856 | D:13     | Learned a level 3 spell: Frozen Ramparts
 39377 | D:14     | Killed Azrael
 39729 | D:15     | Entered Level 15 of the Dungeon
 39739 | D:15     | Reached skill level 19 in Spellcasting
 40421 | D:15     | Noticed Agnes
 40506 | D:15     | Offered knowledge of Spellforged Servitor by Vehumet.
 40588 | D:15     | Found a stormy altar of Qazlal.
 40731 | D:15     | Found a staircase to the Depths.
 40812 | D:15     | Killed Agnes
 41053 | D:15     | Noticed Kirke
 41254 | D:14     | Killed Kirke
 41696 | Lair:1   | Learned a level 7 spell: Spellforged Servitor
 41752 | Spider:1 | Entered Level 1 of the Spider Nest
 41780 | Spider:1 | Reached skill level 1 in Earth Magic
 41813 | Spider:1 | Reached skill level 1 in Transmutations
 43289 | Spider:1 | Got a bronze leather armour
 43300 | Spider:1 | Identified the cursed +1 leather armour of Time Monsters
                  | {Stlth+} (You found it on level 1 of the Spider Nest)
 44418 | Spider:2 | Noticed Arachne
 44431 | Spider:1 | Killed Arachne
 44555 | Spider:2 | Found a runed translucent door.
 44566 | Spider:2 | Found a shimmering altar of Xom.
 44566 | Spider:2 | Noticed Beorghan's ghost (adept MiBe)
 44797 | Spider:2 | Reached XP level 17. HP: 103/103 MP: 36/42
 44802 | Spider:2 | Reached skill level 20 in Spellcasting
 44807 | Spider:2 | Reached skill level 5 in Earth Magic
 45012 | Spider:2 | Noticed Asterion
 45023 | Spider:2 | Killed Asterion
 45024 | Spider:2 | Reached skill level 5 in Transmutations
 45274 | Spider:3 | Noticed Donald
 45278 | Spider:3 | Killed Donald
 46310 | Spider:4 | Entered Level 4 of the Spider Nest
 46314 | Spider:4 | Reached ****** piety under Vehumet
 46728 | Spider:4 | Offered knowledge of Lehudib's Crystal Spear by Vehumet.
 46728 | Spider:4 | Offered knowledge of Fire Storm by Vehumet.
 46728 | Spider:4 | Offered knowledge of Absolute Zero by Vehumet.
 47443 | Spider:4 | Found a runed translucent door.
 47445 | Spider:4 | Noticed marklar909's ghost (adept TrWr)
 48185 | Spider:4 | Got a gossamer rune of Zot
 48372 | Spider:2 | Killed Beorghan's ghost
 48373 | Spider:2 | Reached XP level 18. HP: 108/108 MP: 9/44
 48605 | Swamp:1  | Entered Level 1 of the Swamp
 49570 | Orc:2    | Bought a scroll of immolation for 49 gold pieces
 49576 | Orc:2    | Bought a scroll of holy word for 105 gold pieces
 49879 | Swamp:2  | Reached skill level 1 in Poison Magic
 50586 | Swamp:3  | Reached skill level 21 in Spellcasting
 51444 | Swamp:4  | Entered Level 4 of the Swamp
 51756 | Swamp:4  | Reached skill level 5 in Armour
 52418 | Swamp:4  | Got a decaying rune of Zot
 52929 | Vaults:1 | Entered Level 1 of the Vaults
 53210 | Depths:1 | Entered Level 1 of the Depths
 53210 | Depths:1 | Found a gateway to a ziggurat.
 54145 | Depths:1 | Found a gateway to Hell.
 54181 | Depths:1 | Reached skill level 22 in Spellcasting
 54181 | Depths:1 | Reached XP level 19. HP: 112/112 MP: 40/47
 54695 | Depths:1 | Reached skill level 1 in Summonings
 54891 | Depths:1 | Noticed a golden dragon
 54903 | Depths:1 | Killed a golden dragon
 55164 | Depths:2 | Found Kino's Jewellery Shoppe.
 55172 | Depths:2 | Found Loboxopp's Antique Armour Shoppe.
 55172 | Depths:2 | Found Bonel's Gadget Emporium.
 55177 | Depths:2 | Found Wanwirup's Armour Emporium.
 55574 | Spider:4 | Killed marklar909's ghost
 56203 | Depths:2 | Learned a level 8 spell: Lehudib's Crystal Spear
 56448 | Depths:2 | Reached skill level 23 in Spellcasting
 57426 | Depths:2 | Found a one-way gate leading to the halls of Pandemonium.
 57725 | Depths:2 | Identified the +6 dagger of Junum {venom, rN+ Dex+2}
 57751 | Depths:2 | Reached skill level 1 in Ice Magic
 58163 | Depths:2 | Noticed a caustic shrike
 58172 | Depths:2 | Killed a caustic shrike
 58173 | Depths:2 | Reached XP level 20. HP: 60/118 MP: 8/49
 58190 | Depths:2 | Identified the +3 robe of Yesterday {rPois MR+++}
 58302 | Depths:2 | Reached skill level 10 in Earth Magic
 59527 | Elf:1    | Entered Level 1 of the Elven Halls
 59532 | Elf:1    | Reached skill level 24 in Spellcasting
 59925 | Lair:4   | Killed rgaf's ghost
 60721 | Elf:1    | Identified Vehumet's Compendium of Arcane Weapons
 61582 | Elf:2    | Found a huge runed translucent gate.
 61582 | Elf:2    | Found a huge runed translucent gate.
 61582 | Elf:2    | Found a huge runed translucent gate.
 61582 | Elf:2    | Found a huge runed translucent gate.
 61583 | Elf:2    | Found a huge runed translucent gate.
 62175 | Elf:3    | Entered Level 3 of the Elven Halls
 62183 | Elf:3    | Noticed Mara
 62192 | Elf:3    | Killed Mara
 62592 | Elf:3    | Acquired 624 gold pieces
 62917 | Elf:3    | Reached skill level 25 in Spellcasting
 62939 | Elf:3    | Gained mutation: You are agile. (Dex +2) [mutagenic glow]
 63400 | Elf:3    | Identified the +10 halberd of the Evil Eye {flame, rN+
                  | Int+3}
 63400 | Elf:3    | Identified the amulet "Fyluj" {Acrobat rElec rN+ MR- SInv}
 63496 | Elf:3    | Reached XP level 21. HP: 44/123 MP: 38/52
 63502 | Elf:3    | Reached skill level 15 in Dodging
 63793 | Elf:3    | Identified the cursed +0 great mace of the Jumping Big Fish
                  | {vorpal, +Inv rElec Str+6}
 63828 | Elf:3    | Identified the +8 rapier of True Grit {vorpal, rF+ Int+2}
 63835 | Elf:3    | Identified the amulet of Daisies {Acrobat MP+9 Int+6 Dex-5
                  | SInv}
 63944 | Elf:3    | Found the +8 whip "Snakebite" {curare, rPois}
 64020 | Elf:3    | Identified Sif Muna's Grimoire of Transmigration and Curses
 64062 | Elf:3    | Learned a level 9 spell: Fire Storm
 66599 | Vaults:2 | Found a staircase to the Crypt.
 67021 | Vaults:2 | Reached skill level 26 in Spellcasting
 67950 | Vaults:2 | Reached XP level 22. HP: 77/128 MP: 51/54
 68581 | Vaults:3 | Found Jal Peuh's General Store.
 68599 | Vaults:3 | Bought a potion of curing for 60 gold pieces
 70469 | Vaults:4 | Reached skill level 27 in Spellcasting
 71291 | Vaults:4 | Reached skill level 15 in Conjurations
 71670 | Vaults:4 | Found a roughly hewn altar of Beogh.
 72871 | Depths:3 | Noticed a golden dragon
 72877 | Depths:3 | Killed a golden dragon
 73236 | Depths:3 | Reached XP level 23. HP: 119/132 MP: 18/56
 73380 | Depths:3 | Noticed a caustic shrike
 73555 | Depths:3 | Splashed by a caustic shrike (shapeshifter)'s acid

Illustrated notes

Levels and vault maps discovered:
D:1:      wander_arrival_peaceful_grave, layout_basic,
          minmay_misc_feat_diagonals, lemuel_another_geyser
D:2:      layout_loops_corners, overflow_temple_1_default,
          general_overflow_altar, nicolae_qazlal_style_of_elements, st_stairs_11
D:3:      layout_basic, lemuel_doored_altar, dk_noncrumbling_4,
          dk_noncrumbling_2, minmay_gold_behind_fungi, lemuel_angel_altar
D:4:      minmay_octagon_keep, layout_basic, serial_bayou_pond_d
D:5:      layout_cave_pools, minmay_temple_entry_overgrown,
          chequers_serial_rivers_small_a, uniq_crazy_yiuf_cottage
D:6:      layout_gridville, overflow_temple_1_default, grunt_gozag_statues,
          gammafunk_temple_overflow_statue, uniq_sigmund
D:7:      layout_layer_cave, elyvilon_altar_4, uniq_menkaure, uniq_duvessa
D:8:      layout_basic, grunt_temple_overflow_order_and_chaos_2,
          kennysheep_mini_moat, david_lair_generic, uniq_maggie, uniq_pikel,
          uniq_joseph
D:9:      lemuel_flame_loot_2, layout_long_grid, yredelemnul_altar_generic,
          basic_altar, lightli_orcish_oven
D:10:     minmay_the_grid_plus [minmay_the_grid_slots,
          minmay_the_grid_large_cup, minmay_the_grid_square_x,
          minmay_the_grid_outer_diamond,
          minmay_the_grid_prize_four_corners_diamond_b], layout_stronghold
D:11:     layout_irregular_city, portal_ice_cave_entry_ice_beasts,
          nrook_campfire, david_defended_altar_elf
D:12:     layout_gridville, minmay_diced_spiral
D:13:     minmay_razor_zed, layout_basic, serial_shops, shop, kennysheep_nub,
          serial_park_tiny_1, kennysheep_generic_room_5
D:14:     layout_loops_ring, erik_vaults_2, serial_shops,
          nicolae_shop_temple_entry_statues_fountains, serial_co_window_serial,
          co_window_paths_a, co_window_paths_a, co_window_corner_a,
          co_window_paths_a, co_window_paths_b, co_window_of_opportunity_b,
          co_window_broadway_a, co_window_of_opportunity_b,
          co_window_of_opportunity_b, co_window_4corner_b, co_window_paths_d,
          glass_columns_b, glass_columns_b, glass_columns_a,
          gauntlet_entry_generic, nicolae_dithmenos_through_a_glass_darkly,
          uniq_azrael
D:15:     grunt_enter_depths_giant_problem, layout_irregular_city,
          lemuel_altar_in_water, uniq_agnes, uniq_kirke
Temple:   jpeg_temple_island
Lair:1:   layout_roguey, guppyfry_lair_drakes, uniq_harold
Lair:2:   layout_long_grid, serial_bayou_shore_a
Lair:3:   layout_chaotic_city, palyth_hydra_swamp_entry,
          cheibrodos_lair_lostbears, grunt_megastairs_3, lemuel_fruit_fields,
          uniq_snorg
Lair:4:   layout_gridlike, spider_nest_entry_funnel_web, ebering_ghost_xom,
          kennysheep_rathole
Lair:5:   layout_regular_city
Lair:6:   minmay_lair_end_frog_pond, layout_loops_ring, slime_altar_1,
          minivault_29, uniq_sonja
Swamp:1:  layout_falls_marsh, evilmike_swamp_ruin_house_1, swamp_pool3
Swamp:2:  layout_basic_swamp, serial_swamp_ruin, evilmike_swamp_ruin_house_2,
          hangedman_swamp_ruin_wall, infiniplex_staircase_pool
Swamp:3:  layout_basic_swamp, evilmike_swamp_ruin_house_4, hangedman_swamp_pad,
          infiniplex_staircase_pool_2
Swamp:4:  swamp, layout_basic_swamp, swamp_pool3, nicolae_swamp_round_clearing
Spider:1: layout_spider_delve, drop_trap, nicolae_spider_nook
Spider:2: layout_spider_delve, ebering_ghost_xom, uniq_arachne, uniq_asterion
Spider:3: layout_spider_delve, nicolae_spider_cling_ruins, uniq_donald
Spider:4: floodkiller_spider_rune_tomb, gammafunk_ghost_grave,
          nicolae_spider_circle_web
Orc:1:    layout_diamond_mine, uniq_erica
Orc:2:    st_orc_elflike, layout_diamond_mine, nicolae_orc_stony_grotto,
          nicolae_orc_damp_corner, mines2_david
Elf:1:    minmay_elf_arrival_circle, layout_loops_corners,
          minmay_elf_annihilation
Elf:2:    layout_geoelf_diagonals, corexii_checkpoint_b
Elf:3:    grunt_elf_hall_asides, layout_loops_ring, uniq_mara
Vaults:1: hangedman_vaults_river_flow, nicolae_vaults_little_squares_3,
          nicolae_vaults_specimen_jars, grunt_vaults_funneled_arena, v_misc_18,
          v_misc_30, vaults_mumra_chevron, vaults_room_pool,
          nicolae_vaults_windows_and_doors_thing,
          nicolae_vaults_yaktaur_gun_rack, layout_vaults_omnigrid
Vaults:2: nicolae_vaults_diagonal_hallway_7, vaults_room_stairs_pillars,
          ontoclasm_vaults_eye, v_misc_9, vaults_dpeg_doors,
          nicolae_vaults_network_quinsquares
          [nicolae_vaults_network_quincunx_subvault,
          nicolae_vaults_network_quincunx_subvault,
          nicolae_vaults_network_quincunx_subvault,
          nicolae_vaults_network_quincunx_subvault],
          nicolae_vaults_twisting_passages, v_misc_15, vaults_mumra_hex,
          v_misc_24, v_rooms_6, ontoclasm_vaults_shuriken,
          ontoclasm_vaults_twist, layout_vaults_ring, dummy_crypt_entry
Vaults:3: hangedman_vaults_unwind, grunt_vaults_swirl, hangedman_vaults_stagger,
          ontoclasm_vaults_claustrophobia, v_pattern_5,
          nicolae_vaults_mini_display_case, v_rooms_1, st_cross,
          nicolae_vaults_shelves_hall, layout_vaults_omnibox, serial_shops,
          shop, uniq_margery
Vaults:4: special_room_vaults [special_room_orc], grunt_vaults_bifocal,
          vaults_standard_mumra_lines, vaults_room_semicircle,
          hangedman_vaults_slice, grunt_vaults_twisty,
          layout_vaults_chaotic_city
Depths:1: kennysheep_green_arena, layout_basic, enter_ziggurat_e,
          kennysheep_pointless_box, pf_hell_entry_tar_spiral,
          hangedman_decor_opposing, serial_sigils_hangedman_clutch,
          minivault_16, chequers_serial_rivers_micro_a, drop_trap,
          minmay_misc_feat_tiny, serial_bayou_pond_c
Depths:2: minmay_nine_rooms, layout_cave_shapes, grunt_pan_entry_spiral,
          hell_entry, minmay_misc_feat_five, minmay_staircase_windowed_small,
          minmay_shoptagon
Depths:3: hangedman_crystal_crosses_colossus [crystal_crosses_arms_four,
          crystal_crosses_arms_four, crystal_crosses_arms_two,
          crystal_crosses_arms_one], hell_entry, pan_entry, uniq_nikola

Skill      XL: |  1  2  3  4  5  6  7  8  9 10 11 12 13 14 15 16 17 18 19 20 21 22 23 |
---------------+----------------------------------------------------------------------+-----
Fire Magic     | 4 5 6 7 8 9 10 11 12 14 16 17 18 19 20 21 | 21.0
Conjurations   | 2 3 5 6 7 8 9 10 11 12 13 14 15 | 15.4
Spellcasting   | 4 5 6 8 9 12 13 14 15 16 18 19 20 22 23 25 26 27 | 27.0
Stealth        | 3 4 5 |  5.3
Short Blades   | 1 |  1.1
Dodging        | 3 4 5 6 7 8 10 11 12 13 14 16 17 | 17.6
Fighting       | 1 7 8 9 10 | 10.3
Shields        | 4 |  4.0
Translocations | 4 |  4.0
Armour         | 2 3 5 6 7 |  7.8
Earth Magic    | 4 9 10 | 10.9
Transmutations | 4 9 |  9.4
Poison Magic   | 1 |  1.0
Summonings     | 1 2 |  2.1
Ice Magic      | 1 |  1.5
Long Blades    | |  0.7
Unarmed Combat | |  0.1
Air Magic      | |  0.5
Evocations     | |  0.3

Action                   |  1- 3 |  4- 6 |  7- 9 | 10-12 | 13-15 | 16-18 | 19-21 | 22-24 || total
-------------------------+-------+-------+-------+-------+-------+-------+-------+-------++-------
Melee: Unarmed           |    45 |     5 |       |       |       |     1 |       |       ||    51
       Dagger            |       |    46 |    26 |    50 |       |       |       |       ||   122
       Falchion          |       |       |       |       |    58 |    74 |    65 |       ||   197
       Whip              |       |       |       |       |       |       |    34 |    83 ||   117
 Cast: Foxfire           |   102 |   120 |   332 |   331 |   148 |     3 |     1 |       ||  1037
       Fireball          |       |     2 |    25 |   152 |   592 |   454 |   254 |    34 ||  1513
       Conjure Flame     |       |     1 |     1 |     2 |     2 |       |     5 |       ||    11
       Mephitic Cloud    |       |       |       |       |    26 |    22 |     3 |       ||    51
       Blink             |       |       |       |       |    12 |     1 |     6 |     6 ||    25
       Ignite Poison     |       |       |       |       |     4 |       |       |       ||     4
       Freeze            |       |       |       |       |     3 |       |       |       ||     3
       Bolt of Magma     |       |       |       |       |    13 |    76 |    14 |       ||   103
       Lee's Rapid Decon |       |       |       |       |     9 |     9 |     5 |     2 ||    25
       Ignition          |       |       |       |       |     7 |    97 |   133 |    49 ||   286
       Statue Form       |       |       |       |       |     3 |    50 |    37 |    12 ||   102
       Hailstorm         |       |       |       |       |     1 |    12 |     2 |       ||    15
       Frozen Ramparts   |       |       |       |       |       |    13 |     8 |       ||    21
       Spellforged Servi |       |       |       |       |       |    21 |    23 |     5 ||    49
       Lehudib's Crystal |       |       |       |       |       |       |   112 |    87 ||   199
       Fire Storm        |       |       |       |       |       |       |       |     7 ||     7
Evoke: Wand              |       |       |       |     4 |     3 |     2 |     1 |       ||    10
  Use: Scroll            |       |     5 |     4 |    17 |    18 |    15 |    13 |     3 ||    75
       Potion            |       |     2 |     1 |     2 |     6 |     2 |     6 |     5 ||    24
 Stab: Sleeping          |       |     5 |     1 |       |       |       |       |       ||     6
       Confused          |       |       |       |       |       |     1 |       |       ||     1
Armor: Robe              |    18 |     6 |    25 |    37 |    37 |    31 |    23 |    21 ||   198
       Troll leather arm |       |       |       |       |     8 |       |       |       ||     8
       Skin              |       |       |       |       |    20 |   397 |    99 |    44 ||   560
Dodge: Dodged            |    57 |    89 |    92 |   142 |   219 |   739 |   331 |   185 ||  1854
Block: Other             |       |       |       |    28 |       |       |       |       ||    28
       Buckler           |       |       |       |    10 |    94 |   273 |   113 |    58 ||   548
       Reflection        |       |       |       |     3 |       |       |       |       ||     3
       Rpst.: Falchion   |       |       |       |       |    45 |   111 |    40 |       ||   196

Table legend: (Time is in decaauts)
 A = Elapsed time spent in this place.
 B = Non-inter-level travel time spent in this place.
 C = Inter-level travel time spent in this place.
 D = Time resting spent in this place.
 E = Time spent auto-exploring this place.
 F = Levels seen in this place.
 G = Mean time per level.
                   A        B        C        D        E       F      G
               +--------+--------+--------+--------+--------+-----+--------+
         Total |  76833 |  69326 |   7507 |  22538 |  35805 |  43 | 1786.8 |
       Dungeon |  30080 |  26553 |   3527 |   8854 |  13722 |  15 | 2005.3 |
        Temple |    298 |    232 |     66 |      0 |    230 |   1 |  298.0 |
          Lair |  11167 |   9728 |   1439 |   3906 |   4588 |   6 | 1861.2 |
         Swamp |   4150 |   3834 |    316 |   1048 |   2094 |   4 | 1037.5 |
   Spider Nest |   7206 |   6466 |    740 |   2380 |   2945 |   4 | 1801.5 |
  Orcish Mines |   2937 |   2491 |    446 |    969 |   1043 |   2 | 1468.5 |
   Elven Halls |   4443 |   4274 |    169 |   1281 |   2137 |   3 | 1481.0 |
        Vaults |   8177 |   7770 |    407 |    824 |   5682 |   4 | 2044.2 |
        Depths |   7167 |   6773 |    394 |   2605 |   3141 |   3 | 2389.0 |
      Gauntlet |   1204 |   1204 |      0 |    668 |    219 |   1 | 1204.0 |
               +--------+--------+--------+--------+--------+-----+--------+

Top non-repeatable levels by time:
Depths:2: 4648 daAuts
    D:10: 3120 daAuts
  Lair:3: 2692 daAuts
Spider:4: 2617 daAuts
    D:14: 2532 daAuts
     D:9: 2481 daAuts
   Orc:2: 2390 daAuts
Vaults:2: 2296 daAuts
Spider:1: 2223 daAuts
Vaults:4: 2200 daAuts
  Lair:1: 2169 daAuts
     D:7: 2147 daAuts
    D:13: 2080 daAuts
     D:1: 2053 daAuts
     D:8: 2037 daAuts
